TOP OF THE 1ST |
Las Vegas Flamingos batting - Pitching for Capital District Red Knights : RHP Luis Hernández
|
Pitching: RHP Luis Hernández
|
|
Batting: RHB Sake van Arem
|
0-0: Ground out 5-3 (Groundball, 5)
|
Batting: LHB Ruud van Ineveld
|
0-0: Ball 1-0: Ball 2-0: Called Strike 2-1: DOUBLE (Groundball, 3L)
|
Batting: SHB Glyn Bolasky
|
0-0: Swinging Strike 0-1: Swinging Strike 0-2: Ball 1-2: Ball 2-2: Strikes out swinging
|
Batting: RHB Sergio Ortíz
|
0-0: Ball 1-0: Ball 2-0: Ball 3-0: Called Strike 3-1: Swinging Strike 3-2: Foul Ball, location: 2F 3-2: Base on Balls
|
Batting: RHB Xavier Hernández
|
0-0: Foul Ball, location: 2F 0-1: Ball 1-1: Ball 2-1: Fly out, F3 (Popup, 34S)
|
Top of the 1st over - 0 runs, 1 hit, 0 errors, 2 left on base; Las Vegas 0 - Capital District 0 |
BOTTOM OF THE 1ST |
Capital District Red Knights batting - Pitching for Las Vegas Flamingos : LHP Shunen Takahashi
|
Pitching: LHP Shunen Takahashi
|
|
Batting: RHB Mario Álvarez
|
0-0: Foul Ball, location: 2F 0-1: Ball 1-1: Ball 2-1: Foul Ball, location: 2F 2-2: Ball 3-2: Base on Balls
|
Batting: RHB Pedro Álvarez
|
0-0: Fly out, F8 (Flyball, 8LS)
|
Batting: RHB Arnold Giroux
|
0-0: Ball Mario Álvarez steals 2nd base 1-0: Swinging Strike 1-1: Foul Ball, location: 2F 1-2: Ball 2-2: Strikes out swinging
|
Batting: RHB Robert O'Connor
|
0-0: Called Strike 0-1: DOUBLE (Groundball, 5L) Mario Álvarez scores
|
Batting: RHB Brandon Cole
|
0-0: Foul Ball, location: 2F 0-1: Ground out 4-3 (Groundball, 4S)
|
Bottom of the 1st over - 1 run, 1 hit, 0 errors, 1 left on base; Las Vegas 0 - Capital District 1 |
TOP OF THE 2ND |
Las Vegas Flamingos batting - Pitching for Capital District Red Knights : RHP Luis Hernández
|
Batting: RHB Rodney Usry
|
0-0: Called Strike 0-1: Called Strike 0-2: Strikes out swinging
|
Batting: LHB Victor Adams
|
0-0: Called Strike 0-1: Ground out 5-3 (Groundball, 56S)
|
Batting: LHB Job Pels
|
0-0: Called Strike 0-1: Ball 1-1: Foul Ball, location: 2F 1-2: Ball 2-2: Ball 3-2: Base on Balls
|
Batting: LHB José Alonso
|
0-0: Ball 1-0: Foul Ball, location: 2F 1-1: Ball 2-1: SINGLE (Line Drive, 89S) Job Pels to second
|
Batting: RHB Sake van Arem
|
0-0: Swinging Strike 0-1: Ball 1-1: Ball 2-1: Ball 3-1: Called Strike 3-2: Base on Balls Job Pels to third José Alonso to second
|
Batting: LHB Ruud van Ineveld
|
0-0: Called Strike 0-1: Foul Ball, location: 2F 0-2: Ball 1-2: Foul Ball, location: 2F 1-2: SINGLE (Groundball, 34D) Job Pels scores José Alonso to third Sake van Arem to second Runner from 3rd tries for Home, SAFE, no throw
|
Batting: SHB Glyn Bolasky
|
0-0: Ball 1-0: Foul Ball, location: 2F 1-1: Foul Ball, location: 2F 1-2: Ball 2-2: Foul Ball, location: 2F 2-2: Ball 3-2: Base on Balls Sake van Arem to third Ruud van Ineveld to second
|
Batting: RHB Sergio Ortíz
|
0-0: Ball 1-0: Swinging Strike 1-1: Foul Ball, location: 2F 1-2: Foul Ball, location: 2F 1-2: Fly out, F9 (Flyball, 9LM)
|
Top of the 2nd over - 2 runs, 2 hits, 0 errors, 3 left on base; Las Vegas 2 - Capital District 1 |
BOTTOM OF THE 2ND |
Capital District Red Knights batting - Pitching for Las Vegas Flamingos : LHP Shunen Takahashi
|
Batting: RHB Danilo Mosca
|
0-0: Called Strike 0-1: Ball 1-1: Ball 2-1: Ball 3-1: Base on Balls
|
Batting: RHB José Paz
|
0-0: Called Strike 0-1: Foul Ball, location: 2F 0-2: Ball 1-2: Strikes out swinging
|
Batting: RHB Leo Cadden
|
0-0: Ball 1-0: Called Strike 1-1: Ball 2-1: Called Strike 2-2: SINGLE (Line Drive, 4D) Danilo Mosca to second Danilo Mosca to third
|
Batting: LHB Arturo Hernández
|
0-0: Called Strike 0-1: Ball 1-1: Ball 2-1: Ball 3-1: Base on Balls Leo Cadden to second
|
Batting: RHB Mario Álvarez
|
0-0: Foul Ball, location: 2F 0-1: Ball 1-1: Ball 2-1: SINGLE (Line Drive, 78S) Danilo Mosca scores Leo Cadden to third Arturo Hernández to second Runner from 3rd tries for Home, SAFE, throw made home Arturo Hernández to third Mario Álvarez to second
|
Batting: RHB Pedro Álvarez
|
0-0: Called Strike 0-1: Ground out 4-3 (Groundball, 4) Arturo Hernández scores Mario Álvarez to third
|
Batting: RHB Arnold Giroux
|
0-0: Foul Ball, location: 2F 0-1: Ball 1-1: Called Strike 1-2: Ball 2-2: Strikes out swinging
|
Bottom of the 2nd over - 3 runs, 2 hits, 0 errors, 1 left on base; Las Vegas 2 - Capital District 4 |
TOP OF THE 3RD |
Las Vegas Flamingos batting - Pitching for Capital District Red Knights : RHP Luis Hernández
|
Batting: RHB Xavier Hernández
|
0-0: Called Strike 0-1: Ball 1-1: Ball 2-1: Swinging Strike 2-2: Foul Ball, location: 2F 2-2: Ball 3-2: Ground out 5-3 (Groundball, 5L)
|
Batting: RHB Rodney Usry
|
0-0: Ball 1-0: Ball 2-0: Ball 3-0: Base on Balls
|
Batting: LHB Victor Adams
|
0-0: Ball 1-0: Ball 2-0: Called Strike 2-1: Fly out, F4 (Popup, 4M)
|
Batting: LHB Job Pels
|
0-0: Ball 1-0: Foul Ball, location: 2F 1-1: Ball Rodney Usry steals 2nd base 2-1: Ball 3-1: Called Strike 3-2: Foul Ball, location: 2F 3-2: SINGLE (Groundball, 56D) Rodney Usry to third Rodney Usry scores
|
Batting: LHB José Alonso
|
0-0: Called Strike 0-1: Foul Ball, location: 2F 0-2: Ball Job Pels is caught stealing 2nd base
|
Top of the 3rd over - 1 run, 1 hit, 0 errors, 0 left on base; Las Vegas 3 - Capital District 4 |
BOTTOM OF THE 3RD |
Capital District Red Knights batting - Pitching for Las Vegas Flamingos : LHP Shunen Takahashi
|
Batting: RHB Robert O'Connor
|
0-0: Foul Ball, location: 2F 0-1: Ball 1-1: Called Strike 1-2: Ground out 1-3 (Groundball, 15S)
|
Batting: RHB Brandon Cole
|
0-0: Fly out, F7 (Flyball, 7D)
|
Batting: RHB Danilo Mosca
|
0-0: Ball 1-0: Swinging Strike 1-1: Ball 2-1: Foul Ball, location: 2F 2-2: Foul Ball, location: 2F 2-2: Ball 3-2: Fly out, F8 (Flyball, 8RXD)
|
Bottom of the 3rd over - 0 runs, 0 hits, 0 errors, 0 left on base; Las Vegas 3 - Capital District 4 |
TOP OF THE 4TH |
Las Vegas Flamingos batting - Pitching for Capital District Red Knights : RHP Luis Hernández
|
Batting: LHB José Alonso
|
0-0: Foul Ball, location: 2F 0-1: Called Strike 0-2: DOUBLE (Groundball, 3L)
|
Batting: RHB Sake van Arem
|
0-0: Ball 1-0: Called Strike 1-1: Ball 2-1: Foul Ball, location: 2F 2-2: Foul Ball, location: 2F 2-2: Ball 3-2: Foul Ball, location: 2F 3-2: Ground out 6-3 (Groundball, 6)
|
Batting: LHB Ruud van Ineveld
|
0-0: Called Strike 0-1: Foul Ball, location: 2F 0-2: Ball 1-2: Ball 2-2: Strikes out looking
|
Batting: SHB Glyn Bolasky
|
0-0: Ball 1-0: Ball 2-0: Ball 3-0: Called Strike 3-1: Fly out, F8 (Flyball, 8RD)
|
Top of the 4th over - 0 runs, 1 hit, 0 errors, 1 left on base; Las Vegas 3 - Capital District 4 |
BOTTOM OF THE 4TH |
Capital District Red Knights batting - Pitching for Las Vegas Flamingos : LHP Shunen Takahashi
|
Batting: RHB José Paz
|
0-0: Ball 1-0: Swinging Strike 1-1: Ground out 4-3 (Groundball, 4)
|
Batting: RHB Leo Cadden
|
0-0: Ball 1-0: Called Strike 1-1: Ground out 6-3 (Groundball, 6M)
|
Batting: LHB Arturo Hernández
|
0-0: Called Strike 0-1: Ground out 3-1 (Groundball, 34S)
|
Bottom of the 4th over - 0 runs, 0 hits, 0 errors, 0 left on base; Las Vegas 3 - Capital District 4 |
TOP OF THE 5TH |
Las Vegas Flamingos batting - Pitching for Capital District Red Knights : RHP Luis Hernández
|
Batting: RHB Sergio Ortíz
|
0-0: Ball 1-0: Fly out, F9 (Flyball, 89M)
|
Batting: RHB Xavier Hernández
|
0-0: Swinging Strike 0-1: Foul Ball, location: 2F 0-2: Foul Ball, location: 2F 0-2: Ball 1-2: Strikes out swinging
|
Batting: RHB Rodney Usry
|
0-0: Ball 1-0: Foul Ball, location: 2F 1-1: Ball 2-1: Foul Ball, location: 2F 2-2: Ball 3-2: Foul Ball, location: 2F 3-2: Base on Balls
|
Pitching: LHP Héctor Valentín
|
|
Batting: LHB Victor Adams
|
0-0: Ball 1-0: Ball 2-0: Swinging Strike 2-1: Swinging Strike 2-2: Foul Ball, location: 2F 2-2: Fly out, F7 (Flyball, 78M)
|
Top of the 5th over - 0 runs, 0 hits, 0 errors, 1 left on base; Las Vegas 3 - Capital District 4 |
BOTTOM OF THE 5TH |
Capital District Red Knights batting - Pitching for Las Vegas Flamingos : LHP Shunen Takahashi
|
Batting: RHB Mario Álvarez
|
0-0: DOUBLE (Line Drive, 89D)
|
Batting: RHB Pedro Álvarez
|
0-0: Ground out 4-3 (Groundball, 4) Mario Álvarez to third
|
Batting: RHB Arnold Giroux
|
0-0: Ground out U3 (Groundball, 34) Mario Álvarez scores
|
Batting: RHB Robert O'Connor
|
0-0: Foul Ball, location: 2F 0-1: Ground out 6-3 (Groundball, 6MS)
|
Bottom of the 5th over - 1 run, 1 hit, 0 errors, 0 left on base; Las Vegas 3 - Capital District 5 |
TOP OF THE 6TH |
Las Vegas Flamingos batting - Pitching for Capital District Red Knights : LHP Héctor Valentín
|
Batting: LHB Job Pels
|
0-0: Ball 1-0: Foul Ball, location: 2F 1-1: Ball 2-1: Foul Ball, location: 2F 2-2: Ball 3-2: Fly out, F8 (Flyball, 8RS)
|
Batting: LHB José Alonso
|
0-0: Ball 1-0: Called Strike 1-1: Foul Ball, location: 2F 1-2: Strikes out swinging
|
Batting: RHB Sake van Arem
|
0-0: Called Strike 0-1: Ball 1-1: Foul Ball, location: 2F 1-2: Fly out, F4 (Line Drive, 4)
|
Top of the 6th over - 0 runs, 0 hits, 0 errors, 0 left on base; Las Vegas 3 - Capital District 5 |
BOTTOM OF THE 6TH |
Capital District Red Knights batting - Pitching for Las Vegas Flamingos : LHP Shunen Takahashi
|
Batting: RHB Brandon Cole
|
0-0: Ball 1-0: SOLO HOME RUN (Flyball, 7D), Distance : 351 ft
|
Pitching: RHP Melvin Haney
|
|
Batting: RHB Danilo Mosca
|
0-0: Ground out 6-3 (Groundball, 56D)
|
Batting: RHB José Paz
|
0-0: Foul Ball, location: 2F 0-1: Ball 1-1: Swinging Strike 1-2: Ball 2-2: Foul Ball, location: 2F 2-2: Ball 3-2: Base on Balls
|
Batting: RHB Leo Cadden
|
0-0: Ball 1-0: Ball 2-0: Fielders Choice at 2nd, 5-4 (Groundball, 5L)
|
Batting: LHB Arturo Hernández
|
0-0: Ball 1-0: Ball 2-0: Fielders Choice at 2nd, 5-4 (Groundball, 5)
|
Bottom of the 6th over - 1 run, 1 hit, 0 errors, 1 left on base; Las Vegas 3 - Capital District 6 |
TOP OF THE 7TH |
Las Vegas Flamingos batting - Pitching for Capital District Red Knights : LHP Héctor Valentín
|
Pitching: RHP Bob Roth
|
|
Batting: LHB Ruud van Ineveld
|
0-0: Ball 1-0: Called Strike 1-1: Swinging Strike 1-2: Ball 2-2: Foul Ball, location: 2F 2-2: Foul Ball, location: 2F 2-2: Ball 3-2: SINGLE (Line Drive, 9S)
|
Batting: SHB Glyn Bolasky
|
0-0: Ball 1-0: Ball 2-0: Ball 3-0: Base on Balls Ruud van Ineveld to second
|
Batting: RHB Sergio Ortíz
|
0-0: Ball 1-0: Called Strike 1-1: Foul Ball, location: 2F 1-2: Foul Ball, location: 2F 1-2: 3-RUN HOME RUN (Flyball, 8LXD), Distance : 433 ft
|
Pitching: LHP Don Teehan
|
|
Batting: RHB Xavier Hernández
|
0-0: Ball 1-0: Swinging Strike 1-1: Ball 2-1: Ball 3-1: Swinging Strike 3-2: SINGLE (Line Drive, 6)
|
Pinch Runner at 1st Daniel Maldonado:
|
|
Batting: RHB Rodney Usry
|
0-0: Foul Ball, location: 2F 0-1: Ball Daniel Maldonado is caught stealing 2nd base 1-1: Swinging Strike 1-2: Ball 2-2: Foul Ball, location: 2F 2-2: Foul Ball, location: 2F 2-2: Ball 3-2: DOUBLE (Line Drive, 7LM)
|
Batting: LHB Victor Adams
|
0-0: Intentional Walk
|
Batting: LHB Job Pels
|
0-0: Called Strike Victor Adams is caught stealing 2nd base 0-1: Ball 1-1: Ground out 4-3 (Groundball, 4M)
|
Top of the 7th over - 3 runs, 4 hits, 0 errors, 1 left on base; Las Vegas 6 - Capital District 6 |
BOTTOM OF THE 7TH |
Capital District Red Knights batting - Pitching for Las Vegas Flamingos : RHP Melvin Haney
|
Now at 2B: Wilbert Carter
|
|
Batting: RHB Mario Álvarez
|
0-0: Foul Ball, location: 2F 0-1: Ball 1-1: Ground out 6-3 (Groundball, 6)
|
Batting: RHB Pedro Álvarez
|
0-0: Called Strike 0-1: Foul Ball, location: 2F 0-2: Foul Ball, location: 2F 0-2: SINGLE (Flyball, 9S)
|
Batting: RHB Arnold Giroux
|
0-0: Ball 1-0: Ball 2-0: Foul Ball, location: 2F 2-1: Ball 3-1: SINGLE (Line Drive, 8LS) Pedro Álvarez to second
|
Batting: RHB Robert O'Connor
|
0-0: Ball 1-0: Foul Ball, location: 2F 1-1: Ball 2-1: Ball 3-1: Base on Balls Pedro Álvarez to third Arnold Giroux to second
|
Batting: RHB Brandon Cole
|
0-0: Foul Ball, location: 2F 0-1: Ball 1-1: Called Strike 1-2: Ball 2-2: Foul Ball, location: 2F 2-2: Strikes out swinging
|
Batting: RHB Danilo Mosca
|
0-0: Called Strike 0-1: SINGLE (Groundball, 6MD) Pedro Álvarez scores Arnold Giroux to third Robert O'Connor to second Runner from 3rd tries for Home, SAFE, throw made home
|
Pitching: RHP Yin-fat Foong
|
|
Batting: RHB José Paz
|
0-0: Called Strike 0-1: DOUBLE (Line Drive, 89D) Robert O'Connor scores Danilo Mosca to third Runner from 3rd tries for Home, SAFE, no throw
|
Batting: RHB Leo Cadden
|
0-0: Foul Ball, location: 2F 0-1: Foul Ball, location: 2F 0-2: Foul Ball, location: 2F 0-2: Foul Ball, location: 2F 0-2: Ball 1-2: Ball 2-2: Foul Ball, location: 2F 2-2: TRIPLE (Flyball, 9D) José Paz scores
|
Batting: LHB Arturo Hernández
|
0-0: Swinging Strike 0-1: Ball 1-1: Ground out U3 (Groundball, 3)
|
Bottom of the 7th over - 5 runs, 5 hits, 0 errors, 1 left on base; Las Vegas 6 - Capital District 11 |
TOP OF THE 8TH |
Las Vegas Flamingos batting - Pitching for Capital District Red Knights : LHP Don Teehan
|
Batting: LHB José Alonso
|
0-0: Ball 1-0: Ground out 6-3 (Groundball, 6)
|
Batting: RHB Sake van Arem
|
0-0: Ball 1-0: Fly out, F8 (Flyball, 89M)
|
Batting: LHB Ruud van Ineveld
|
0-0: Ground out U3 (Groundball, 3)
|
Top of the 8th over - 0 runs, 0 hits, 0 errors, 0 left on base; Las Vegas 6 - Capital District 11 |
BOTTOM OF THE 8TH |
Capital District Red Knights batting - Pitching for Las Vegas Flamingos : RHP Yin-fat Foong
|
Batting: RHB Mario Álvarez
|
0-0: Called Strike 0-1: SINGLE (Line Drive, 89S)
|
Batting: RHB Pedro Álvarez
|
0-0: Called Strike 0-1: Ball 1-1: Foul Ball, location: 2F 1-2: Ball 2-2: Ball 3-2: SINGLE (Line Drive, 6MD) Mario Álvarez to second
|
Batting: RHB Arnold Giroux
|
0-0: Ball 1-0: Swinging Strike 1-1: SINGLE (Line Drive, 56D) Mario Álvarez to third Pedro Álvarez to second Runner from 3rd tries for Home, SAFE, no throw
|
Batting: RHB Robert O'Connor
|
0-0: Swinging Strike 0-1: Ball 1-1: Fly out, F7 (Flyball, 7)
|
Batting: RHB Brandon Cole
|
0-0: Foul Ball, location: 2F 0-1: Foul Ball, location: 2F 0-2: Ball 1-2: Ball 2-2: Foul Ball, location: 2F 2-2: Foul Ball, location: 2F 2-2: Strikes out swinging
|
Batting: RHB Danilo Mosca
|
0-0: Called Strike 0-1: Ball 1-1: Called Strike 1-2: Fly out, F9 (Flyball, 9S)
|
Bottom of the 8th over - 1 run, 3 hits, 0 errors, 2 left on base; Las Vegas 6 - Capital District 12 |
TOP OF THE 9TH |
Las Vegas Flamingos batting - Pitching for Capital District Red Knights : LHP Don Teehan
|
Now in LF: Alfonso Enríquez
|
|
Batting: SHB Glyn Bolasky
|
0-0: Called Strike 0-1: Foul Ball, location: 2F 0-2: Ball 1-2: SINGLE (Line Drive, 8LM)
|
Batting: RHB Sergio Ortíz
|
0-0: Foul Ball, location: 2F 0-1: Grounds into double play, 6-4-3 (Groundball, 6)
|
Batting: SHB Wilbert Carter
|
0-0: Ball 1-0: Ground out 5-3 (Groundball, 56)
|
Top of the 9th over - 0 runs, 1 hit, 0 errors, 0 left on base; Las Vegas 6 - Capital District 12 |
|